 Dungeon Crawl Stone Soup version 0.25.1-8-g42b30a86e7 (webtiles) character file.

Game seed: 12556865204536912570

76 Abzac the Sneak (level 4, -3/29 HPs)
             Began as a Halfling Assassin on Dec 17, 2020.
             Slain by Crazy Yiuf
             ... wielding a +4 quarterstaff of chaos
              (9 damage)
             ... on level 1 of the Dungeon.
             The game lasted 00:05:16 (1589 turns).

Abzac the Sneak (Halfling Assassin)                 Turns: 1589, Time: 00:05:16

Health: -3/29      AC:  3    Str: 12    XL:     4   Next: 57%
Magic:  4/4        EV: 14    Int:  9    God:
Gold:   103        SH:  0    Dex: 16    Spells: 3/3 levels left

rFire    . . .     SeeInvis .   a - +2 dagger
rCold    . . .     Gourm    .   (shield restricted)
rNeg     . . .     Faith    .   b - +0 robe
rPois    .         Spirit   .   (no helmet)
rElec    .         Reflect  .   c - +0 cloak
rCorr    .         Harm     .   (no gloves)
MR       .....                  (no boots)
Stlth    +.........             (no amulet)
HPRegen  0.09/turn              (no ring)
MPRegen  0.09/turn              (no ring)

@: confused, hasted, very quick
A: small, mutation resistance 1
a: no special abilities


You were on level 1 of the Dungeon.
You were not hungry.

You visited 1 branch of the dungeon, and saw 2 of its levels.

You collected 103 gold pieces.

Inventory:

Hand Weapons
 a - a +2 dagger (weapon)
Missiles
 d - 8 poisoned darts (quivered)
 e - 2 curare-tipped darts
 q - 7 datura-tipped darts
Armour
 b - a +0 robe (worn)
 c - a +0 cloak (worn)
 g - a +0 ring mail
Jewellery
 i - an uncursed ring of protection from magic {unknown}
Scrolls
 j - 5 scrolls of identify {unknown}
 k - a scroll of random uselessness {unknown}
 m - a scroll of remove curse {unknown}
 p - a scroll of magic mapping {unknown}
 r - 2 scrolls of enchant weapon {unknown}
 s - a scroll of teleportation {unknown}
 t - a scroll of enchant armour {unknown}
Potions
 l - a potion of degeneration {unknown}
 n - a potion of curing {unknown}
 o - a potion of ambrosia
 u - a potion of cancellation {unknown}
Comestibles
 f - 7 rations


   Skills:
 - Level 1.7 Fighting
 - Level 4.0 Short Blades
 - Level 2.0 Throwing
 - Level 1.1 Dodging
 * Level 5.6 Stealth


You had 3 spell levels left.
You didn't know any spells.
Your spell library contained the following spells:

 Spells                   Type           Power        Failure   Level  Hunger
 Animate Skeleton         Necr           N/A          38%         1    ##.....
 Apportation              Tloc           #.....       38%         1    ##.....
 Corona                   Hex            #......      38%         1    ##.....
 Summon Small Mammal      Summ           #...         38%         1    ##.....


Dungeon Overview and Level Annotations

Branches:
Dungeon (2/15)

Altars:
Elyvilon
Nemelex Xobeh
Qazlal

Annotations:
D:1 Crazy Yiuf


Innate Abilities, Weirdness & Mutations

You are small and have problems with some larger weapons.
You are somewhat resistant to further mutation.


Message History

You feel sick.
Crazy Yiuf laughs, "Scoff!
Spliff Xom return to song."
Crazy Yiuf laughs, "Pitchfork!"
You feel sick.
Crazy Yiuf cries, "Mugger!"
You feel sick.
Crazy Yiuf glowers.
You feel sick.
You are no longer poisoned.
Crazy Yiuf says, "Tosser!
Peeping senile song."
There is an escape hatch in the ceiling here.
Crazy Yiuf hits you with a +4 quarterstaff of chaos!
* * * LOW HITPOINT WARNING * * *
You feel yourself speed up. A mysterious force pulls you upwards.
The hatch slams shut behind you.
It was a potion of ambrosia.
You are confused.
You feel invigorated.
Crazy Yiuf hits you with a +4 quarterstaff of chaos!
You die...

.#....#.##..#####.........#
.##...#.##.###............#
.#...##.##.##.............#
P'...#..##.#.........######
.#...................# #######
.#....##...#.........###.....#
≈#....###.##.................#
≈#...........................#
≈#.##.#.........@g......#..###
≈####.#.##.#.......)......##
≈#.........#..)...((....###
≈#).......##............#
##........##............#
)...................#####
..........####.....##
.........[# #######
#.........#


You could see Crazy Yiuf.

Vanquished Creatures
  2 adders (D:2)
  2 oozes
  A dart slug (D:2)
  2 worms (D:2)
  6 giant cockroaches
  7 goblins
  5 hobgoblins
  2 jackals (D:2)
  2 bats (D:1)
  2 frilled lizards
  4 kobolds
  7 rats
42 creatures vanquished.

Notes
Turn   | Place    | Note
-------+----------+-------------------------------------------
     0 | D:1      | Abzac the Halfling Assassin began the quest for the Orb.
     0 | D:1      | Reached XP level 1. HP: 14/14 MP: 1/1
    50 | D:1      | Reached XP level 2. HP: 19/19 MP: 2/2
   353 | D:1      | Reached XP level 3. HP: 24/24 MP: 3/3
   850 | D:2      | Found a white marble altar of Elyvilon.
   850 | D:2      | Found a stormy altar of Qazlal.
   963 | D:2      | Found a sparkling altar of Nemelex Xobeh.
  1054 | D:2      | Reached skill level 5 in Stealth
  1054 | D:2      | Reached XP level 4. HP: 29/29 MP: 4/4
  1321 | D:2      | Found a runed translucent door.
  1322 | D:2      | Noticed Crazy Yiuf
  1589 | D:1      | Slain by Crazy Yiuf

Illustrated notes

Levels and vault maps discovered:
D:1:      tarquinn_simple_flora_water_c, layout_rooms
D:2:      layout_loops_cross, grunt_temple_overflow_open, first_ration,
          nemelex_diamond_rough_becter, uniq_crazy_yiuf_cottage

Skill      XL: |  1  2  3 |
---------------+----------+-----
Short Blades   | 3 4 |  4.0
Stealth        | 5 |  5.6
Fighting       | |  1.7
Throwing       | |  2.0
Dodging        | |  1.1

Action                   |  1- 3 |  4- 6 || total
-------------------------+-------+-------++-------
Melee: Dagger            |    81 |    27 ||   108
  Use: Potion            |       |     1 ||     1
 Stab: Distracted        |     1 |       ||     1
       Sleeping          |     7 |     6 ||    13
  Eat: Chunk             |       |     2 ||     2
Armor: Robe              |    17 |     2 ||    19
Dodge: Dodged            |    46 |    10 ||    56
